AoeStats
← becants

Arena

505810094Analyzed
4v4 RM · 22d ago on Sep 11, 2026· 22m 26s· 8 players
Game mode
Random Map
Map size
Large (8 player)
Population
200
Speed
Normal
Resources
Standard
Victory
Conquest
Starting age
Dark Age
Ending age
Imperial Age
RankedLock teamsTeams togetherTeam positionsShared explorationLock speedFull tech treeHidden civsTurbo modeCheats
Victory
Defeat
🇺🇸 Teutons · United States
905
+10
🇦🇷 Khmer · Argentina
878
+11
🇨🇳 Celts · China
865
+12
🇨🇷 Turks · Costa Rica
844
+13
🇨🇦 Teutons · Canada
885
-15
🇨🇳 Hindustanis · China
748
-11
🇺🇸 Japanese · United States
741
-27
🇨🇱 Persians · Chile
719
-10
ForkyOrc
0:34 Loom
12:31 Feudal Age
13:14 Double-Bit Axe
13:10 Horse Collar
19:02 Castle Age
17:51 Gold Mining
20:09 Bow Saw
20:00 Heavy Plow
20:28 Man-at-Arms
Misha_Dyson
8:44 Loom
11:04 Feudal Age
17:53 Castle Age
16:15 Gold Mining
17:37 Bloodlines
17:23 Horse Collar
21:03 Forging
becants
4:55 Loom
11:14 Feudal Age
16:06 Castle Age
14:33 Double-Bit Axe
14:31 Horse Collar
17:21 Wheelbarrow
fjk
10:38 Feudal Age
12:10 Wheelbarrow
11:30 Double-Bit Axe
11:33 Horse Collar
11:58 Gold Mining
11:55 Horse Collar
19:15 Castle Age
17:33 Stone Mining
20:24 Hand Cart
20:17 Heavy Plow
21:00 Stone Shaft Mining
22:00 Gold Shaft Mining
22:01 Loom
卢仁佳
11:24 Feudal Age
12:05 Double-Bit Axe
15:21 Castle Age
14:44 Horse Collar
16:19 Heavy Plow
16:29 Bow Saw
18:50 Loom
22:30 Wheelbarrow
_gaara_
6:02 Loom
10:59 Feudal Age
13:07 Double-Bit Axe
15:09 Horse Collar
18:32 Castle Age
16:50 Gold Mining
20:41 Fletching
21:04 Bow Saw
22:07 Padded Archer Armor
649stone
11:13 Feudal Age
12:32 Wheelbarrow
11:52 Double-Bit Axe
12:57 Horse Collar
17:24 Castle Age
17:24 Loom
19:43 Gold Mining
21:19 Forging
PNAL | Mark Max 77
11:34 Feudal Age
9:51 Loom
15:17 Castle Age
13:21 Double-Bit Axe
13:36 Horse Collar
14:11 Town Watch
15:19 Wheelbarrow
18:03 Fletching
Connection lost

Rejoining the realm…

Still unreachable

The connection could not be restored.

Session expired

The server has moved on; the page needs a fresh start.